 Dungeon Crawl Stone Soup version 0.29-a0-284-gf9362112df (webtiles) character file.

Game seed: 7730196948904650643

54 mistaj the Skirmisher (level 3, -2/29 HPs)
             Began as a Demonspawn Fighter on Mar 22, 2022.
             Succumbed to an orc's poison
             ... on level 3 of the Dungeon.
             The game lasted 00:02:41 (1848 turns).

mistaj the Skirmisher (Demonspawn Fighter)          Turns: 1848, Time: 00:02:41

Health: -2/29      AC:  8    Str: 18    XL:     3   Next: 66%
Magic:  3/3        EV: 24    Int:  9    God:
Gold:   87         SH:  4    Dex: 12    Spells: 2/2 levels left

rFire   . . .      SeeInvis .   e - +0 hand axe (flame)
rCold   . . .      Faith    .   c - +0 buckler
rNeg    . . .      Spirit   .   b - +0 scale mail
rPois   .          Reflect  .   (no helmet)
rElec   .          Harm     .   (no cloak)
rCorr   .          Rampage  .   (no gloves)
Will    .....                   (no boots)
Stlth   ..........              n - amulet of the acrobat
HPRegen 0.09/turn               (no ring)
MPRegen 0.08/turn               (no ring)

@: lethally poisoned (-2 -> -18), acrobatic
A: thin metallic scales 1
a: no special abilities


You were on level 3 of the Dungeon.
You visited 1 branch of the dungeon, and saw 3 of its levels.

You collected 87 gold pieces.

Inventory:

Hand Weapons
 a - a +0 long sword
 e - a +0 hand axe of flaming (weapon)
Missiles
 k - 14 poisoned darts (quivered)
 o - 4 javelins
Armour
 b - a +0 scale mail (worn)
 c - a +0 buckler (worn)
Jewellery
 n - an amulet of the acrobat (around neck)
Scrolls
 g - a scroll of enchant weapon {unknown}
 h - 2 scrolls of identify {unknown}
 j - 2 scrolls of immolation {unknown}
 m - a scroll of blinking {unknown}
Potions
 d - a potion of might
 f - 2 potions of heal wounds {unknown}
 i - 2 potions of curing {unknown}
 l - a potion of resistance {unknown}
 p - a potion of berserk rage {unknown}


   Skills:
 + Level 3.5 Fighting
 - Level 1.7 Long Blades
 * Level 2.0 Axes
 - Level 2.6 Armour
 + Level 3.1 Shields


You had 2 spell levels left.
You didn't know any spells.
Your spell library was empty.

Dungeon Overview and Level Annotations

Branches:
Dungeon (3/15)

Altars:


Innate Abilities, Weirdness & Mutations

You are partially covered in thin metallic scales. (AC +2)


Message History

You see here a rat corpse.
You now have 87 gold pieces (gained 10).
k - 8 poisoned darts (gained 4)
k - 14 poisoned darts (gained 6)
A bat comes into view.
The bat completely misses you.
You miss the bat. You block the bat's attack. The bat closely misses you.
The bat hits you but does no damage.
You barely miss the bat. The bat barely misses you.
The bat hits you but does no damage.
You hit the bat. You burn the bat.
You kill the bat!
No target in view!
No target in view!
You see here a bat corpse.
Found a club. 2 orcs come into view.
An orc is wielding a +2 flail of venom.
The orc shouts! x2; You hear a shout!
You start waiting.
An orc is nearby!
An orc priest comes into view. It is wielding a +0 short sword.
The orc priest shouts!
You hit the orc. You burn the orc.
The orc is moderately wounded.
You closely miss the orc.
The orc priest calls upon Beogh to heal the orc.
The orc's wounds heal themselves!
The orc hits you with a +0 hand axe. You block the orc's attack.
You closely miss the orc. You barely miss the orc. You block the orc's attack.
The orc closely misses you.
You hit the orc but do no damage. You barely miss the orc.
A bat comes into view.
The orc completely misses you. The orc hits you with a +0 hand axe.
The orc priest calls down the wrath of Beogh upon you.
Beogh smites you! You block the orc's attack.
The orc hits you with a +2 flail of venom!
* * * LOW HITPOINT WARNING * * *
You are lethally poisoned!
The bat moves out of view.
You die...

..........................
#.#.....................#
#.#.##>###.#..#.........
...†##.###............. #
#.#.##(#......##...o.#..##
..#.##...........#........
#......#.#.#..####.#
###.####.#.#.#####o#.##..
###.####.#.#.†..@.o.......
.........#.#.......#.##.##
##########.###.........
#.# #####.#.##) ..# #.#.#
# ### #.# # ... ..


You could see 2 orcs.

Vanquished Creatures
  2 adders (D:3)
  A dart slug (D:1)
  5 orcs (D:3)
  A ball python (D:1)
  4 endoplasms
  2 giant cockroaches
  A hobgoblin (D:3)
  A kobold (D:3)
  2 quokkas (D:1)
  4 bats
  2 frilled lizards
  2 goblins
  2 rats (D:3)
29 creatures vanquished.

Notes
Turn   | Place    | Note
-------+----------+-------------------------------------------
     0 | D:1      | mistaj the Demonspawn Fighter began the quest for the Orb.
     0 | D:1      | Reached XP level 1. HP: 18/18 MP: 1/1
   598 | D:1      | Reached skill level 1 in Axes
   598 | D:1      | Gained mutation: You are partially covered in thin metallic
                  | scales. (AC +2) [demonic ancestry]
   598 | D:1      | Reached XP level 2. HP: 24/24 MP: 2/2
  1143 | D:2      | You fall into a shaft and drop 1 floor!
  1366 | D:3      | Reached XP level 3. HP: 29/29 MP: 3/3
  1848 | D:3      | Succumbed to an orc's poison

Illustrated notes

Levels and vault maps discovered:
D:1:      minmay_arrival_radiant_lines, layout_basic,
          dreamdust_mushroom_princess
D:2:      layout_loops_ring, dreamdust_ecumenical_altar_drowned_temple,
          minmay_liquid_box
D:3:      layout_basic, mainiacjoe_overflow_paths

Skill      XL: |  1  2  3 |
---------------+----------+-----
Axes           | 1 2 |  2.0
Shields        | 3 |  3.1
Fighting       | |  3.5
Long Blades    | |  1.7
Armour         | |  2.6

Action                   || total
-------------------------++-------
Melee: Hand axe          ||    84
Armor: Scale mail        ||    27
Dodge: Dodged            ||    33
Block: Buckler           ||    20

Table legend: (Time is in decaauts)
 A = Elapsed time spent in this place.
 B = Non-inter-level travel time spent in this place.
 C = Inter-level travel time spent in this place.
 D = Time resting spent in this place.
 E = Time spent auto-exploring this place.
 F = Levels seen in this place.
 G = Mean time per level.
                   A        B        C        D        E       F      G
               +--------+--------+--------+--------+--------+-----+--------+
         Total |   1871 |   1730 |    141 |    612 |    756 |   3 |  623.7 |
       Dungeon |   1871 |   1730 |    141 |    612 |    756 |   3 |  623.7 |
               +--------+--------+--------+--------+--------+-----+--------+

Top non-repeatable levels by time:
     D:1: 1111 daAuts
     D:3: 627 daAuts
     D:2: 132 daAuts
